 Dungeon Crawl Stone Soup version 0.32-a0-12-g7fc57aa741 (webtiles) character file.

Game seed: 6097759512577351215

24029 croobank the Merchant of Misery (level 12, -2/94 HPs)
             Began as a Demonspawn Fire Elementalist on Jan 14, 2024.
             Was a Believer of Kikubaaqudgha.
             Engulfed by a cloud of freezing vapour (7 damage)
             ... in an ice cave.
             The game lasted 00:54:05 (19028 turns).

croobank the Merchant of Misery (DsFE)             Turns: 19028, Time: 00:54:05

Health: -2/94      AC: 11    Str:  9    XL:     12   Next: 77%
Magic:  3/24       EV: 19    Int: 21    God:    Kikubaaqudgha [**....]
Gold:   505        SH:  0    Dex: 13    Spells: 17/27 levels left

rFire   x . .        a - +6 dagger (venom)
rCold   + . .        (no shield)
rNeg    . . .        r - +1 leather armour {Will+}
rPois   +            (no helmet)
rElec   .            v - +2 cloak {rPois}
rCorr   .            (gloves unavailable)
SInv    .            V - +0 pair of boots
Will    +....        E - amulet of reflection
Stlth   +            H - ring of ice
HPRegen 0.35/turn    F - +5 ring of evasion
MPRegen 0.19/turn

%: reflection
@: confused, ambrosia-drunk
A: slimy green scales 2, foul stench 2, demonic magic 1, demonic touch 3
a: Renounce Religion, Unearth Wretches


You were in an ice cave.
You worshipped Kikubaaqudgha.
Kikubaaqudgha was pleased with you.
You visited 2 branches of the dungeon, and saw 13 of its levels.
You also visited: Ossuary and Ice Cave.

You collected 697 gold pieces.
You spent 192 gold pieces at shops.

Inventory:

Hand Weapons
 a - a +6 dagger of venom (weapon)
 g - a +2 dagger of speed
 w - a +2 quarterstaff of chaos
 y - a +0 short sword of venom
 K - a +0 long sword
 L - a +1 short sword of venom
 M - a +5 hand axe of freezing
 N - a +5 morningstar
 Q - a +3 trident of draining
 S - a +9 quarterstaff
Missiles
 J - 25 poisoned darts
Armour
 l - a +1 ring mail
 r - a +1 leather armour of willpower (worn)
 v - a +2 cloak of poison resistance (worn)
 G - +0 steam dragon scales
 I - a +0 pair of gloves
 T - +0 acid dragon scales
 V - a +0 pair of boots (worn)
Jewellery
 i - a ring of flight
 C - a +6 ring of dexterity
 E - an amulet of reflection (around neck)
 F - a +5 ring of evasion (right hand)
 H - a ring of ice (left hand)
Talismans
 U - a flux talisman
Wands
 n - a wand of polymorph (3) (quivered)
 s - a wand of charming (19)
 A - a wand of mindburst (7)
 D - a wand of flame (9)
Scrolls
 f - 2 scrolls of poison
 k - 2 scrolls of revelation
 o - 2 scrolls of teleportation
 t - 3 scrolls of fog
 u - 2 scrolls of amnesia
 B - a scroll of vulnerability
 O - a scroll of fear
 R - a scroll of identify
Potions
 b - a potion of magic
 c - 2 potions of cancellation
 d - a potion of ambrosia
 e - 3 potions of might
 h - 2 potions of enlightenment
 j - 3 potions of attraction
 m - a potion of brilliance
 q - 2 potions of lignification {unknown}
 z - a potion of resistance {unknown}


   Skills:
 + Level 8.9 Fighting
 + Level 8.4 Dodging
 - Level 6.8 Stealth
 + Level 8.4 Spellcasting
 - Level 6.3 Conjurations
 - Level 3.5 Hexes
 * Level 9.3 Necromancy
 + Level 8.4 Fire Magic


You had 17 spell levels left.
You knew the following spells:

 Your Spells              Type           Power      Damage    Failure   Level
a - Foxfire               Conj/Fire      100%       2x1d9     1%          1
b - Scorch                Fire           88%        2d8       1%          2
c - Inner Flame           Hex/Fire       33%        N/A       2%          3
d - Flame Wave            Conj/Fire      39%        2d11      5%          4

Your spell library contained the following spells:

 Spells                   Type           Power      Damage    Failure   Level
 Kiss of Death            Conj/Necr      100%       2d13      1%          1
 Sublimation of Blood     Necr           48%        N/A       1%          2
 Fugue of the Fallen      Necr           48%        N/A       1%          3
 Vampiric Draining        Necr           48%        2d9       1%          3
 Volatile Blastmotes      Fire/Tloc      52%        2d14      6%          3
 Call Imp                 Summ           16%        N/A       16%         2
 Fulminant Prism          Conj/Alch      11%        3d8       28%         4
 Iskenderun's Mystic Bla  Conj/Tloc      22%        2d6       28%         4
 Manifold Assault         Tloc           8%         N/A       71%         4
 Dispersal                Tloc           4%         N/A       100%        6
 Summon Hydra             Summ           4%         N/A       100%        7
 Disjunction              Tloc           4%         N/A       100%        8


Dungeon Overview and Level Annotations

Branches:
Dungeon (12/15)            Temple (1/1) D:7            Lair (0/5) D:11
    Orc (0/2) D:12        Ossuary (visited)           IceCv (1/1)

Altars:
Ashenzari
Cheibriados
Dithmenos
Fedhas
Gozag
Hepliaklqana
Kikubaaqudgha
Makhleb
Nemelex Xobeh
Okawaru
Qazlal
Ru
Sif Muna
Trog
Uskayaw
Vehumet
Wu Jian
Xom
Yredelemnul

Shops:
D:7 ?

Annotations:
D:5 exclusion: downstairs
D:12 2 runed translucent doors IceCv exclusion: 2 ice statues


Innate Abilities, Weirdness & Mutations

You are mostly covered in slimy green scales. (AC +3)
You sometimes emit foul miasma when damaged in melee.
Spells you cast may paralyse adjacent enemies.
Your touch may irresistibly damage your foes and sap their willpower.


Message History

Malevolent energies surge around you. The ice devil misses you.
Casting: Scorch (safe; 1% risk of failure)
Confirm with . or Enter, or press ? or * to list all spells.
Flames lash the death yak simulacrum.
The death yak simulacrum melts!
The death yak simulacrum is moderately damaged.
The death yak simulacrum's fire resistance burns away.
Malevolent energies surge around you.
The death yak simulacrum suddenly stops moving!
The two-headed ogre simulacrum barely misses you.
You block the two-headed ogre simulacrum's attack.
The ice devil barely misses you.
The helpless death yak simulacrum fails to defend itself.
You impale the death yak simulacrum!!
You touch the death yak simulacrum!
The death yak simulacrum vaporises!
Kikubaaqudgha accepts your kill.
Your surroundings suddenly seem different.
A spriggan simulacrum comes into view.
Okay, then.
A reaper comes into view.
It is wielding a -4 scythe of freezing and wearing a +0 robe of cold resistance.
You are engulfed in freezing vapours.
You resist.
The two-headed ogre simulacrum is no longer more vulnerable to fire.
The spriggan simulacrum attacks as it pursues you!
The spriggan simulacrum barely misses you.
You are engulfed in freezing vapours.
You resist.
* * * LOW HITPOINT WARNING * * *
The spriggan simulacrum attacks as it pursues you!
The spriggan simulacrum hits you.
* * * LOW HITPOINT WARNING * * *
The spriggan simulacrum freezes you! You resist.
* * * LOW HITPOINT WARNING * * *
The spriggan simulacrum attacks as it pursues you!
The spriggan simulacrum hits you but does no damage.
You are engulfed in freezing vapours.
You resist.
* * * LOW HITPOINT WARNING * * *
The spriggan simulacrum hits you but does no damage.
Okay, then.
You are confused.
You feel invigorated.
You are engulfed in freezing vapours.
You resist.
You die...
Kikubaaqudgha rasps: "You have failed me!
Welcome... death!"

#.##.#..# ##..#....#
#§§§##2.## #§☼§§§§.#
#☼☼§§°§## ##○§°Z§#
##§§§## ##..##
###§Z###....##
##@§##.....## ####
#§§##8...b..#
##..#######§§###.b....#
##....##..##§§§#§..bbbY#
#..........###§○§.b..b.##
#.∩.∩.......#..Y§.b..bb.#
#.......##....##○Y°bbbb.#
##....#####..####YY°Y...#
##..## #### #8°○.Y..##


You could see an ice beast (summoned, wandering), a spriggan simulacrum and a
two-headed ogre simulacrum.

Vanquished Creatures
  Josephine (D:10)
  Erolcha (D:10)
  Erica (D:9)
  A boulder beetle (D:9)
  An ogre mage (D:12)
  6 two-headed ogres
  A soul eater (D:10)
  2 sixfirhies (D:10)
  A deep elf pyromancer (D:12)
  3 cyclopes
  A manticore (D:11)
  3 rust devils
  A gargoyle (D:11)
  An orange demon (D:10)
  Joseph (D:10)
  Jeremiah (D:6)
  2 unseen horror zombies (D:9)
  3 ice devils (IceCv)
  An unseen horror (D:12)
  A komodo dragon (D:9)
  2 trolls
  A red devil (D:10)
  Sigmund (D:6)
  4 wraiths
  A vampire (D:11)
  15 yaks
  A wyvern (D:9)
  Eustachio (D:5)
  Grum (D:9)
  A basilisk (D:11)
  A death yak simulacrum (IceCv)
  2 steam dragons
  An acid dragon (D:9)
  2 water moccasins
  A hydra simulacrum (IceCv)
  Duvessa (D:6)
  5 orc warriors
  A sky beast (D:7)
  A black bear (D:6)
  5 ogres
  An ice beast (D:6)
  2 wolves (D:9)
  2 centaurs
  4 phantoms
  2 kobold brigands
  A cane toad simulacrum (IceCv)
  3 two-headed ogre simulacra
  A scorpion (D:3)
  5 wights (D:8)
  Dowan (D:6)
  6 killer bees
  An elephant simulacrum (IceCv)
  8 howler monkeys
  A bombardier beetle (D:3)
  2 quasits (D:9)
  3 centaur zombies (D:9)
  A jelly (D:4)
  2 human zombies (Ossuary)
  Crazy Yiuf (D:5)
  8 orc priests
  A gnoll bouda (D:6)
  2 hounds
  2 iguanas (D:7)
  16 orc wizards
  2 troll simulacra (D:12)
  4 polar bear simulacra
  A wolf simulacrum (IceCv)
  A killer bee zombie (D:9)
  5 ogre zombies (Ossuary)
  7 mummies (Ossuary)
  3 howler monkey zombies (D:9)
  7 adders
  11 gnolls (D:6)
  A naga simulacrum (D:12)
  A white imp (IceCv)
  An ufetubus (IceCv)
  4 adder zombies (Ossuary)
  3 dart slugs
  48 orcs
  3 ball pythons
  4 endoplasms
  3 giant cockroaches
  A gnoll zombie (Ossuary)
  6 goblins
  7 hobgoblins
  7 jackals
  17 kobolds
  5 quokkas
  3 bats
  A frilled lizard (D:2)
  3 goblin zombies (Ossuary)
  5 hobgoblin zombies (Ossuary)
  3 kobold zombies (Ossuary)
  4 quokka zombies (Ossuary)
  4 rats
  3 rat zombies (Ossuary)
335 creatures vanquished.

Vanquished Creatures (collateral kills)
  3 foxfires (D:8)
3 creatures vanquished.

Vanquished Creatures (others)
  A butterfly (D:8)
  548 foxfires
549 creatures vanquished.

Grand Total: 887 creatures vanquished

Notes
Turn   | Place    | Note
-------+----------+-------------------------------------------
     0 | D:1      | croobank the Demonspawn Fire Elementalist began the quest
                  | for the Orb.
     0 | D:1      | Reached XP level 1. HP: 13/13 MP: 3/3
   169 | D:1      | Gained mutation: Spells you cast may paralyse adjacent
                  | enemies. [demonic ancestry]
   169 | D:1      | Reached XP level 2. HP: 20/20 MP: 0/5
   250 | D:1      | Learned a level 2 spell: Scorch
  1153 | D:2      | Reached XP level 3. HP: 25/25 MP: 3/6
  1157 | D:2      | Learned a level 3 spell: Inner Flame
  1195 | D:2      | Found a faded altar of an unknown god.
  1407 | D:2      | Reached skill level 1 in Fighting
  1542 | D:2      | Found a hazy altar of Hepliaklqana.
  1852 | D:2      | Gained mutation: Your touch may inflict minor irresistible
                  | damage on your foes. [demonic ancestry]
  1852 | D:2      | Reached XP level 4. HP: 15/32 MP: 0/7
  2479 | D:3      | Noticed a scorpion
  2484 | D:3      | Killed a scorpion
  2485 | D:3      | Gained mutation: You are partially covered in slimy green
                  | scales. (AC +2) [demonic ancestry]
  2485 | D:3      | Reached XP level 5. HP: 38/38 MP: 1/9
  2887 | D:3      | Found a broken altar of Ashenzari.
  2892 | D:3      | Found a sacrificial altar of Ru.
  2893 | D:3      | Found a shimmering altar of Xom.
  2897 | D:3      | Found a stormy altar of Qazlal.
  3841 | D:4      | Found a shimmering blue altar of Sif Muna.
  4091 | D:5      | Entered Level 5 of the Dungeon
  4334 | D:5      | Found a runed translucent door.
  4335 | D:5      | Noticed Crazy Yiuf
  4508 | D:5      | Noticed a phantom
  4515 | D:5      | Killed a phantom
  4516 | D:5      | Gained mutation: Your touch may inflict irresistible damage
                  | on your foes. [demonic ancestry]
  4516 | D:5      | Reached XP level 6. HP: 42/44 MP: 1/10
  4670 | D:5      | Killed Crazy Yiuf
  4717 | D:6      | Noticed Sigmund
  4717 | D:6      | Noticed Eustachio
  4722 | D:6      | Noticed an ice beast
  4728 | D:5      | Killed Eustachio
  4864 | D:6      | Reached XP level 7. HP: 37/51 MP: 5/12
  5021 | D:6      | Found a sand-covered staircase.
  5026 | Ossuary  | Entered an ossuary
  6595 | D:6      | Gained mutation: You may rarely emit foul miasma when
                  | damaged in melee. [demonic ancestry]
  6595 | D:6      | Reached XP level 8. HP: 18/58 MP: 10/14
  6595 | D:6      | Killed Sigmund
  6906 | D:6      | Found a shadowy altar of Dithmenos.
  6970 | D:6      | Noticed Jeremiah
  6987 | D:6      | Noticed Duvessa
  6993 | D:6      | Noticed Dowan
  6997 | D:6      | Killed Duvessa
  7277 | D:7      | Found Mites's Magic Scroll Shop.
  7282 | D:7      | Bought a scroll of immolation for 64 gold pieces
  7282 | D:7      | Bought a scroll of vulnerability for 64 gold pieces
  7282 | D:7      | Bought a scroll of fog for 64 gold pieces
  7470 | D:7      | Found a hazy altar of Hepliaklqana.
  7502 | D:7      | Found a staircase to the Ecumenical Temple.
  7506 | D:7      | Reached skill level 5 in Stealth
  7510 | Temple   | Entered the Ecumenical Temple
  7686 | D:7      | Reached skill level 5 in Fire Magic
  7686 | D:7      | Reached XP level 9. HP: 53/66 MP: 11/16
  7890 | D:8      | Reached skill level 5 in Spellcasting
  8034 | D:8      | Reached skill level 5 in Fighting
  8034 | D:8      | Reached skill level 5 in Dodging
  8034 | D:8      | Reached skill level 5 in Conjurations
  9005 | D:8      | Noticed a two-headed ogre
  9012 | D:8      | Killed a two-headed ogre
  9205 | D:8      | Gained mutation: You are mostly covered in slimy green
                  | scales. (AC +3) [demonic ancestry]
  9205 | D:8      | Reached XP level 10. HP: 76/76 MP: 13/18
 10078 | D:6      | Killed Jeremiah
 10079 | D:6      | Reached skill level 1 in Hexes
 10528 | D:6      | Killed Dowan
 11152 | D:9      | Found a basalt altar of Yredelemnul.
 11411 | D:9      | Noticed Erica
 11426 | D:9      | Killed Erica
 11432 | D:9      | Found an ancient bone altar of Kikubaaqudgha.
 11562 | D:9      | Became a worshipper of Kikubaaqudgha
 11583 | D:9      | Noticed Grum
 11606 | D:9      | Reached skill level 1 in Necromancy
 11696 | D:9      | Found a bloodstained altar of Trog.
 12007 | D:9      | Found an iron altar of Okawaru.
 12082 | D:9      | Reached skill level 2 in Necromancy
 12166 | D:9      | Killed Grum
 12353 | D:9      | Gained mutation: Your touch may irresistibly damage your
                  | foes and sap their willpower. [demonic ancestry]
 12353 | D:9      | Reached XP level 11. HP: 70/83 MP: 6/20
 12366 | D:9      | Reached skill level 3 in Necromancy
 12685 | D:10     | Entered Level 10 of the Dungeon
 12685 | D:10     | Noticed Josephine
 12687 | D:10     | Noticed Joseph
 12772 | D:10     | Noticed a two-headed ogre
 12778 | D:10     | Noticed a boulder beetle
 12785 | D:10     | Killed a two-headed ogre
 12802 | D:9      | Killed a boulder beetle
 12803 | D:9      | Reached skill level 4 in Necromancy
 13378 | D:10     | Noticed a sixfirhy
 13557 | D:10     | Killed Joseph
 13864 | D:10     | Noticed a sixfirhy
 14644 | D:10     | Noticed Erolcha
 14679 | D:10     | Noticed a two-headed ogre
 14845 | D:10     | Killed a sixfirhy
 14846 | D:10     | Reached skill level 5 in Necromancy
 14857 | D:10     | Killed a two-headed ogre
 14857 | D:10     | Reached * piety under Kikubaaqudgha
 14857 | D:10     | Received a gift from Kikubaaqudgha
 15132 | D:9      | Learned a level 4 spell: Flame Wave
 15332 | D:10     | Reached skill level 6 in Necromancy
 15366 | D:10     | Killed Erolcha
 15367 | D:10     | Killed a sixfirhy
 16405 | D:10     | Killed Josephine
 16410 | D:10     | Reached skill level 7 in Necromancy
 16410 | D:10     | Gained mutation: You sometimes emit foul miasma when
                  | damaged in melee. [demonic ancestry]
 16410 | D:10     | Reached XP level 12. HP: 91/92 MP: 14/23
 17986 | D:11     | Found a staircase to the Lair.
 18176 | D:12     | Found a staircase to the Orcish Mines.
 18187 | D:12     | Found a large runed translucent door.
 18188 | D:12     | Found a large runed translucent door.
 18203 | D:12     | Reached skill level 8 in Necromancy
 18256 | D:12     | Reached ** piety under Kikubaaqudgha
 18318 | D:12     | Noticed a two-headed ogre
 18318 | D:12     | Noticed a two-headed ogre
 18321 | D:12     | Noticed a two-headed ogre
 18323 | D:12     | Killed a two-headed ogre
 18328 | D:12     | Killed a two-headed ogre
 18328 | D:12     | Killed a two-headed ogre
 18361 | D:12     | Found a frozen archway.
 18371 | D:12     | Noticed an ogre mage
 18389 | D:12     | Killed an ogre mage
 18390 | D:12     | Reached skill level 9 in Necromancy
 18432 | IceCv    | Entered an ice cave
 19023 | IceCv    | Noticed a reaper
 19028 | IceCv    | Engulfed by a cloud of freezing vapour

Illustrated notes

Levels and vault maps discovered:
D:1:      shiori_shiawase, layout_basic
D:2:      layout_loops_corners, basic_ecumenical_altar, basic_altar
D:3:      layout_loops_ring, minitemple
D:4:      nicolae_cairo_tiling_large, layout_cave_pools,
          overflow_temple_1_default, serial_bayou_pond_e,
          kennysheep_generic_room_2
D:5:      layout_rooms, minmay_strange_pillars, uniq_crazy_yiuf_cottage
D:6:      layout_rooms, old_standard_altar, enter_ossuary_5, uniq_duvessa,
          uniq_sigmund, uniq_jeremiah, uniq_eustachio
D:7:      layout_loops_cross, worldfamousw_hep_ancestral_shrine,
          minmay_temple_entry_hall, serial_shops, shop, st_stairs_4,
          moated_statue
D:8:      layout_gridville, nicolae_elyvilon_peaceful_grove,
          kennysheep_flooded_box
D:9:      layout_basic, lemuel_crystal_altar, nicolae_yredelemnul_corpse_copse,
          mainiacjoe_overflow_small_starburst,
          mainiacjoe_overflow_six_doors_small, uniq_erica, uniq_grum
D:10:     layout_rooms, serial_demonic, serial_demonic_a, serial_demonic_f,
          serial_demonic_a, serial_demonic_c, nicolae_fountain_basement,
          uniq_erolcha, uniq_joseph, uniq_josephine
D:11:     layout_basic, lair_entry_dummy
D:12:     layout_gridville, orc_0_dummy, portal_ice_cave_entry_ice_simulacra,
          lightli_elemental_guards
Temple:   eino_temple_lava
IceCv:    ice_cave_small_demon

Skill      XL: |  1  2  3  4  5  6  7  8  9 10 11 12 |
---------------+-------------------------------------+-----
Dodging        | 2 3 4 5 6 7 8 |  8.4
Stealth        | 2 3 4 5 6 |  6.8
Fighting       | 1 2 3 4 5 6 7 8 |  8.9
Fire Magic     | 3 4 5 6 7 8 |  8.4
Conjurations   | 2 3 4 5 6 |  6.3
Spellcasting   | 3 4 5 6 7 8 |  8.4
Hexes          | 3 |  3.5
Necromancy     | 2 7 9 |  9.3

Action                     |  1- 3 |  4- 6 |  7- 9 | 10-12 || total
---------------------------+-------+-------+-------+-------++-------
  Melee: Unarmed           |    23 |       |       |       ||    23
         Dagger            |    28 |    21 |    72 |   153 ||   274
         Touch             |       |     2 |    14 |    28 ||    44
         Punch             |       |     1 |       |     3 ||     4
         Morningstar       |       |       |       |     4 ||     4
  Throw: Throwing net      |       |       |       |     2 ||     2
   Cast: Foxfire           |    30 |    30 |   116 |   134 ||   310
         Scorch            |    20 |    26 |    81 |   294 ||   421
         Flame Wave        |       |       |       |     1 ||     1
  Evoke: Wand              |       |       |       |     9 ||     9
    Use: Scroll            |       |    12 |     7 |    15 ||    34
         Potion            |       |       |     1 |    16 ||    17
   Stab: Paralysed         |     4 |     6 |    29 |    81 ||   120
         Sleeping          |     3 |     2 |    11 |     4 ||    20
         Invisible         |       |       |       |     1 ||     1
 Armour: Robe              |    29 |     7 |       |       ||    36
         Leather armour    |       |    12 |    41 |   160 ||   213
         Acid dragon scale |       |       |       |     4 ||     4
  Dodge: Dodged            |    38 |    18 |    53 |   242 ||   351
  Block: Other             |       |       |     4 |    52 ||    56
         Reflection        |       |       |     1 |     3 ||     4

Table legend: (Time is in decaauts)
 A = Elapsed time spent in this place.
 B = Non-inter-level travel time spent in this place.
 C = Inter-level travel time spent in this place.
 D = Time resting spent in this place.
 E = Time spent auto-exploring this place.
 F = Levels seen in this place.
 G = Mean time per level.
                   A        B        C        D        E       F      G
               +--------+--------+--------+--------+--------+-----+--------+
         Total |  19023 |  18369 |    654 |   8565 |   6955 |  15 | 1268.2 |
       Dungeon |  16880 |  16230 |    650 |   7269 |   6626 |  12 | 1406.7 |
        Temple |     14 |     10 |      4 |      0 |      7 |   1 |   14.0 |
       Ossuary |   1532 |   1532 |      0 |    847 |    322 |   1 | 1532.0 |
      Ice Cave |    594 |    594 |      0 |    449 |      0 |   1 |  594.0 |
               +--------+--------+--------+--------+--------+-----+--------+

Top non-repeatable levels by time:
     D:9: 4600 daAuts
     D:8: 1765 daAuts
    D:10: 1560 daAuts
 Ossuary: 1532 daAuts
     D:6: 1468 daAuts
     D:7: 1298 daAuts
     D:2: 1218 daAuts
     D:3: 1136 daAuts
     D:1: 1094 daAuts
    D:11: 951 daAuts
     D:5: 894 daAuts
     D:4: 639 daAuts
   IceCv: 594 daAuts
    D:12: 253 daAuts
  Temple: 14 daAuts
